 Dungeon Crawl Stone Soup version 0.31-a0-1074-g0b22e4e0f1 (webtiles) character file.

Game seed: 7299013349343351169

7 wildpjah the Shooter (level 1, 0/10 HPs)
             Began as a Spriggan Hunter on Dec 3, 2023.
             Slain by a kobold
             ... wielding a +0 club
              (2 damage)
             ... on level 1 of the Dungeon.
             The game lasted 00:00:07 (23 turns).

wildpjah the Shooter (Spriggan Hunter)                Turns: 23, Time: 00:00:09

Health: 0/10       AC:  2    Str:  7    XL:     1   Next: 83%
Magic:  2/2        EV: 17    Int: 10    God:
Gold:   0          SH:  0    Dex: 18    Spells: 0/0 levels left

rFire   . . .        a - +0 shortbow
rCold   . . .        (shield currently unavailable)
rNeg    . . .        c - +0 robe
rPois   .            (helmet restricted)
rElec   .            (no cloak)
rCorr   .            (gloves unavailable)
SInv    +            (boots unavailable)
Will    .....        (no amulet)
Stlth   ++           (no ring)
HPRegen 0.21/turn    (no ring)
MPRegen 0.08/turn

%: no passive effects
@: very quick
A: very small, no large weapons, unfitting armour, see invisible, speed 3
a: no special abilities


You were on level 1 of the Dungeon.
You visited 1 branch of the dungeon, and saw 1 of its levels.

Inventory:

Hand Weapons
 a - a +0 shortbow (weapon)
Armour
 c - a +0 robe (worn)
Scrolls
 b - a scroll of butterflies


   Skills:
 + Level 1.5 Fighting
 + Level 4.3 Ranged Weapons
 + Level 2.7 Dodging
 + Level 1.5 Stealth


You couldn't memorise any spells.
You didn't know any spells.
Your spell library was empty.

Dungeon Overview and Level Annotations

Branches:
Dungeon (1/15)

Altars:


Innate Abilities, Weirdness & Mutations

You are very small and have problems with some larger weapons.
You are too small for most types of armour.
You have supernaturally acute eyesight. (SInv)
You cover ground extremely quickly. (Speed+++)


Message History

The arrow hits the kobold.
You kill the kobold!
You shoot an arrow. The arrow hits the kobold.
You kill the kobold!
A ball python comes into view.
You shoot an arrow. The ball python hisses angrily.
The arrow hits the kobold but does no damage.
The kobold completely misses you.
You shoot an arrow. The arrow hits the hobgoblin.
The hobgoblin is severely wounded.
The hobgoblin completely misses you. The kobold hits you with a +0 club.
You shoot an arrow. The arrow hits the hobgoblin!
You kill the hobgoblin!
The kobold hits you with a +0 club.
You shoot an arrow. The arrow hits the goblin.
You kill the goblin!
The kobold closely misses you.
You shoot an arrow. The arrow hits the goblin.
You kill the goblin!
The kobold barely misses you.
A hobgoblin comes into view.
The ball python bites you but does no damage.
The ball python grabs you. The ball python constricts you.
You shoot an arrow.
The arrow barely misses the ball python.
The hobgoblin shouts!
The kobold hits you with a +0 club. The ball python bites you.
* * * LOW HITPOINT WARNING * * *
The ball python constricts you.
* * * LOW HITPOINT WARNING * * *
You are too injured to fight recklessly!
You are too injured to fight recklessly!
Fire: a) +0 shortbow
Press: ? - help, Q - select action Shift-Dir - straight line, f/p - ball python
Aim: a ball python (constricting you, 60% to hit)
You shoot an arrow. The arrow hits the ball python!
You kill the ball python!
The kobold completely misses you. The kobold hits you with a +0 club.
You die...

...........#
.S........?#
...........#
........g..#
.........#
)).....# #†....#
### #)K...# #...
###@....#
..~♣♣♣♣♣~..#####
.~~≈≈≈♣♣~~##
♣♣~~~~~♣♣#
♣≈~~~~~♣
♣≈~~~~~♣♣
♣≈~~~~~≈♣
♣♣~~<~~≈♣
♣~~~~~♣♣


You could see a hobgoblin and a kobold.

Vanquished Creatures
  A ball python (D:1)
  2 goblins (D:1)
  2 hobgoblins (D:1)
  2 kobolds (D:1)
7 creatures vanquished.

Notes
Turn   | Place    | Note
-------+----------+-------------------------------------------
     0 | D:1      | wildpjah the Spriggan Hunter began the quest for the Orb.
     0 | D:1      | Reached XP level 1. HP: 10/10 MP: 2/2
    23 | D:1      | Slain by a kobold

Illustrated notes

Levels and vault maps discovered:
D:1:      reono_arrival_forest_river, layout_basic

Action                     || total
---------------------------++-------
   Fire: Shortbow          ||    14
 Armour: Robe              ||     6
  Dodge: Dodged            ||     5

Table legend: (Time is in decaauts)
 A = Elapsed time spent in this place.
 B = Non-inter-level travel time spent in this place.
 C = Inter-level travel time spent in this place.
 D = Time resting spent in this place.
 E = Time spent auto-exploring this place.
 F = Levels seen in this place.
 G = Mean time per level.
                   A        B        C        D        E       F      G
               +--------+--------+--------+--------+--------+-----+--------+
         Total |     24 |     24 |      0 |      0 |      6 |   1 |   24.0 |
       Dungeon |     24 |     24 |      0 |      0 |      6 |   1 |   24.0 |
               +--------+--------+--------+--------+--------+-----+--------+

Top non-repeatable levels by time:
     D:1: 24 daAuts
